 Dungeon Crawl Stone Soup version 0.28.0-53-g5a82cb258f (webtiles) character file.

Game seed: 611809916252474885

120 Timber the Chopper (level 5, -6/47 HPs)
             Began as a Hill Orc Berserker on July 1, 2022.
             Was a Believer of Trog.
             Mangled by a scorpion (7 damage)
             ... on level 3 of the Dungeon on July 13, 2022.
             The game lasted 00:12:27 (3160 turns).

Timber the Chopper (Hill Orc Berserker)             Turns: 3160, Time: 00:12:28

Health: -6/47      AC:  8    Str: 22    XL:     5   Next: 4%
Magic:  0/5        EV: 10    Int:  7    God:    Trog [**....]
Gold:   60         SH:  0    Dex: 10    Spells: 4/4 levels left

rFire   + . .      SeeInvis .   h - +3 spear
rCold   x . .      Faith    .   (no shield)
rNeg    . . .      Spirit   +   o - +0 scale mail {Will+}
rPois   .          Reflect  .   (no helmet)
rElec   .          Harm     .   (no cloak)
rCorr   .          Rampage  .   c - +0 pair of gloves
Will    +....                   q - +0 pair of boots
Stlth   ..........              e - amulet of guardian spirit
HPRegen 0.15/turn               g - ring of fire
MPRegen 0.09/turn               (no ring)

@: lethally poisoned (-6 -> -25)
A: no striking features
a: Renounce Religion, Berserk, Trog's Hand


You were on level 3 of the Dungeon.
You worshipped Trog.
Trog was pleased with you.
You visited 1 branch of the dungeon, and saw 3 of its levels.

You collected 60 gold pieces.

Inventory:

Hand Weapons
 a - a +0 hand axe
 h - a +3 spear (weapon)
 k - a +2 short sword of speed
Missiles
 b - a throwing net
 l - 19 stones (quivered)
 m - 21 bolts
Armour
 c - a +0 pair of gloves (worn)
 d - a +0 leather armour
 f - a +0 ring mail
 o - a +0 scale mail of willpower (worn)
 q - a +0 pair of boots (worn)
Jewellery
 e - an amulet of guardian spirit (around neck)
 g - a ring of fire (left hand)
Scrolls
 i - 2 scrolls of identify {unknown}
 j - a scroll of vulnerability {unknown}
 n - a scroll of enchant armour {unknown}
Potions
 p - 2 potions of heal wounds {unknown}


   Skills:
 - Level 4.3 Fighting
 - Level 4.7(5.5) Axes
 + Level 3.4(4.3) Polearms
 - Level 2.4 Armour
 - Level 1.7 Dodging


You had 4 spell levels left.
You didn't know any spells.
Your spell library was empty.

Dungeon Overview and Level Annotations

Branches:
Dungeon (3/15)

Altars:
Xom


Message History

The scorpion poisons you!
You barely miss the scorpion.
The scorpion is lightly wounded.
You feel very sick. The scorpion stings you!
You are more poisoned.
The scorpion poisons you!
You hit the scorpion.
The scorpion is moderately wounded.
You feel very sick. The scorpion stings you.
You hit the scorpion.
The scorpion is heavily wounded.
You feel very sick. The scorpion closely misses you.
You are too injured to fight recklessly!
You are too injured to fight recklessly!
You are too injured to fight recklessly!
You are too injured to fight recklessly!
You hit the scorpion.
The scorpion is heavily wounded.
You feel very sick. The scorpion stings you.
* * * LOW HITPOINT WARNING * * *
You hit the scorpion.
The scorpion is almost dead.
* * * LOW HITPOINT WARNING * * *
You feel sick. The scorpion stings you.
* * * LOW HITPOINT WARNING * * *
You closely miss the scorpion.
The scorpion is almost dead.
* * * LOW HITPOINT WARNING * * *
You feel very sick. The scorpion stings you.
You are more poisoned.
The scorpion poisons you!
* * * LOW HITPOINT WARNING * * *
You feel very sick. The scorpion stings you!
You die...

..# #.#.# #.# #..#
#.#.# #.# #..# #.#.#
#.# #
#.#.######.####.#
####.#.............#
.
....########...####
... ..# #.#.# #
#..###.##### #...#
...#....s@...<#
##.##
.....####.###.# #.#
...........##.# #.#
#.#.#####..##.# #.#
#.......##.# #.#
##.####.##.# #.#
#.##.######.#
#.##........#
#...........#


You could see a scorpion.

Vanquished Creatures
  4 gnolls (D:2)
  An adder (D:2)
  3 dart slugs
  6 endoplasms
  6 giant cockroaches
  4 goblins
  5 hobgoblins
  3 jackals (D:1)
  9 kobolds
  4 quokkas
  A ball python (D:1)
  8 bats
  A frilled lizard (D:1)
  5 rats
60 creatures vanquished.

Notes
Turn   | Place    | Note
-------+----------+-------------------------------------------
     0 | D:1      | Timber the Hill Orc Berserker began the quest for the Orb.
     0 | D:1      | Reached XP level 1. HP: 19/19 MP: 1/1
   232 | D:1      | Reached XP level 2. HP: 18/27 MP: 0/2
   586 | D:1      | Reached XP level 3. HP: 24/33 MP: 3/3
  1170 | D:1      | Found a faded altar of an unknown god.
  1630 | D:1      | Reached ** piety under Trog
  1896 | D:2      | Found a shimmering altar of Xom.
  1931 | D:2      | Reached skill level 1 in Polearms
  1966 | D:3      | Reached XP level 4. HP: 25/41 MP: 4/4
  2396 | D:2      | Reached XP level 5. HP: 6/47 MP: 2/5
  3160 | D:3      | HP: 1/47 [poisoned by a scorpion]
  3160 | D:3      | Mangled by a scorpion

Illustrated notes

Levels and vault maps discovered:
D:1:      scummos_arrival_hexagon, layout_loops_ring,
          hellmonk_ecumenical_altar_inner_sanctum
D:2:      layout_basic, basic_altar, minmay_circle_x
D:3:      layout_loops_ring

Skill      XL: |  1  2  3  4 |
---------------+-------------+-----
Fighting       | 4 |  4.3
Polearms       | 1 3 |  3.4
Axes           | |  4.7
Armour         | |  2.4
Dodging        | |  1.7

Action                   |  1- 3 |  4- 6 || total
-------------------------+-------+-------++-------
Melee: Hand axe          |   102 |       ||   102
       Punch             |     1 |     1 ||     2
       Spear             |    23 |    80 ||   103
  Use: Potion            |       |     1 ||     1
Armor: Animal skin       |     7 |       ||     7
       Ring mail         |    42 |    16 ||    58
       Scale mail        |       |     8 ||     8
Dodge: Dodged            |    79 |    27 ||   106
